 Dungeon Crawl Stone Soup version 0.31-a0-175-g9f7f995f2b (webtiles) character file.

Game seed: 14685196335343940250

189945 qw the Tortoise (level 18, -19/120 HPs)
             Began as a Gargoyle Fighter on June 16, 2023.
             Was an Elder of Okawaru.
             Demolished by an eight-headed hydra (20 damage)
             ... on level 4 of the Swamp.
             The game lasted 00:23:01 (31411 turns).

qw the Tortoise (Gargoyle Fighter)                 Turns: 31411, Time: 00:23:02

Health: -19/120    AC: 57    Str: 30    XL:     18   Next: 59%
Magic:  25/25      EV: 12    Int: 25    God:    Okawaru [****..]
Gold:   361        SH: 18    Dex: 13    Spells: 17/17 levels left

rFire   + . .        k - +2 war axe (vamp)
rCold   + + +        c - +0 tower shield {AC+3}
rNeg    + + .        x - +1 crystal plate armour of Wariness {rN+ Int+5 Dex+4}
rPois   inf          H - +1 helmet of Peklicuu {rC++ Str-2 Int+4 SInv}
rElec   +            g - +1 cloak
rCorr   +            r - +2 pair of gloves {Str+3}
SInv    +            y - +2 pair of boots of Toreecaf {rC+ Str+4}
Will    +....        B - amulet of faith Stlth
                     f - +5 ring of evasion
HPRegen 0.40/turn    G - ring "Ympuac" {rF+ rCorr Str-3 Int+7 Slay+3}
MPRegen 0.19/turn

%: faith
@: about to teleport, flying, slowed, very slow
A: sickness immunity, AC +13, big wings, negative energy resistance 1,
electricity resistance, torment resistance 1, petrification resistance
a: Renounce Religion, Heroism, Finesse


You were on level 4 of the Swamp.
You worshipped Okawaru.
Okawaru was greatly pleased with you.
You visited 6 branches of the dungeon, and saw 30 of its levels.
You visited the Abyss 2 times.
You also visited: Sewer and Gauntlet.

You collected 3791 gold pieces.
You spent 3430 gold pieces at shops.


Innate Abilities, Weirdness & Mutations

You are immune to sickness and miasma.
Your stone body is resilient. (AC +13)
You are immune to poison.
Your large and strong wings let you fly.
You resist negative energy. (rN+)
You are resistant to electric shocks. (rElec)
You are resistant to unholy torment.
You are immune to petrification.


   Skills:
 - Level 15.6 Fighting
 - Level 16.0 Axes
 - Level 7.0 Throwing
 - Level 19.0 Armour
 - Level 4.0 Dodging
 + Level 14.9 Shields
 - Level 10.1 Invocations


You had 17 spell levels left.
You didn't know any spells.
Your spell library was empty.

Inventory:

Hand Weapons
 k - a +2 vampiric war axe (weapon)
 z - a +0 broad axe
 C - a +1 vampiric war axe
Missiles
 o - 2 boomerangs of dispersal
 w - 8 boomerangs
 N - 8 javelins (quivered)
Armour
 c - a +0 tower shield of protection (worn)
 g - a +1 cloak (worn)
 j - a +2 helmet
 r - a +2 pair of gloves of strength (worn)
 x - the +1 crystal plate armour of Wariness (worn) {rN+ Int+5 Dex+4}
   (Okawaru gifted it to you on level 5 of the Lair of Beasts)

   Int:       It affects your intelligence (+5).
   Dex:       It affects your dexterity (+4).
   rN:        It protects you from negative energy.
 y - the +2 pair of boots of Toreecaf (worn) {rC+ Str+4}
   (You bought it in a shop on level 1 of the Snake Pit)

   Str:       It affects your strength (+4).
   rC:        It protects you from cold.
 E - the +2 cloak of Polytheism {Harm rF+}
   (You acquired it on level 15 of the Dungeon)

   rF:        It protects you from fire.
   Harm:      It increases damage dealt and taken.
 H - the +1 helmet of Peklicuu (worn) {rC++ Str-2 Int+4 SInv}
   (You found it on level 5 of the Lair of Beasts)

   Str:       It affects your strength (-2).
   Int:       It affects your intelligence (+4).
   rC:        It greatly protects you from cold.
   SInv:      It lets you see invisible.
Jewellery
 f - a +5 ring of evasion (left hand)
 n - an amulet of regeneration
 p - a ring of resist corrosion
 B - an amulet of faith (around neck)
 G - the ring "Ympuac" (right hand) {rF+ rCorr Str-3 Int+7 Slay+3}
   (You bought it in a shop on level 2 of the Orcish Mines)

   [ring of protection from fire]

   Str:       It affects your strength (-3).
   Int:       It affects your intelligence (+7).
   Slay:      It affects your accuracy & damage with ranged weapons and melee
   (+3).
   rF:        It protects you from fire.
   rCorr:     It protects you from acid and corrosion.
 K - a ring of protection from cold
 L - a ring of protection from fire
 O - a ring of protection from cold
 Y - a +4 ring of slaying {mikee}
Wands
 v - a wand of digging (5)
Scrolls
 b - 2 scrolls of teleportation
 h - 10 scrolls of identify
 M - a scroll of brand weapon
Potions
 a - 4 potions of haste
 d - 5 potions of might
 e - 2 potions of attraction
 i - 12 potions of curing
 m - 5 potions of lignification
 q - 7 potions of mutation
 s - 6 potions of resistance
 A - 4 potions of magic
 D - 4 potions of cancellation

Dungeon Overview and Level Annotations

Branches:
Dungeon (15/15)            Temple (1/1) D:5            Lair (5/5) D:10
  Swamp (4/4) Lair:2        Snake (3/4) Lair:2        Slime (0/5) Lair:4
    Orc (2/2) D:10            Elf (0/3) Orc:2        Vaults (0/5) D:14
 Depths (0/4) D:15          Sewer (visited)         Gauntlet (visited)

Altars:
Ashenzari
Cheibriados
Dithmenos
Elyvilon
Fedhas
Gozag
Hepliaklqana
Kikubaaqudgha
Makhleb
Nemelex Xobeh
Okawaru
Qazlal
Ru
Sif Muna
Trog
Uskayaw
Vehumet
Wu Jian
Xom
Yredelemnul
Zin
The Shining One
Lugonu

Shops:
D:7 *   Orc:2 =*[([   Snake:1 :=[

Portals:
Abyss: Lair:5
Trove: D:11 (give +6 demon trident)

Annotations:
D:12 3 runed translucent doors, Neel Ube's ghost, journeyman FoFi; Soedd's ghost, journeyman DgAr
Orc:2 2 transporters, qw's ghost, adept GrFi


Message History

The ten-headed hydra bites you but does no damage.
You block the ten-headed hydra's attack.
The ten-headed hydra bites you!
The ten-headed hydra bites you but does no damage. x2
You block the ten-headed hydra's attack.
The ten-headed hydra bites you but does no damage.
The eight-headed hydra bites you!
You block the eight-headed hydra's attack.
The eight-headed hydra barely misses you. x2
The eight-headed hydra bites you but does no damage.
The eight-headed hydra closely misses you.
The eight-headed hydra completely misses you.
The eight-headed hydra barely misses you.
The 11-headed hydra barely misses you.
The 11-headed hydra bites you but does no damage.
The 11-headed hydra bites you!!
The 11-headed hydra bites you but does no damage. x3
The 11-headed hydra misses you.
The 11-headed hydra bites you but does no damage. x2
The 11-headed hydra closely misses you.
The 11-headed hydra bites you but does no damage.
31411 ||| READING 3 scrolls of teleportation.
As you read the scroll of teleportation, it crumbles to dust.
You feel strangely unstable.
You feel like a meek peon again.
The ten-headed hydra bites you but does no damage.
You block the ten-headed hydra's attack. x2
The ten-headed hydra barely misses you.
The ten-headed hydra bites you but does no damage. x2
You block the ten-headed hydra's attack. x2
The ten-headed hydra bites you!! The ten-headed hydra bites you.
The eight-headed hydra bites you but does no damage.
The eight-headed hydra completely misses you.
The eight-headed hydra bites you.
The eight-headed hydra bites you but does no damage. x2
The eight-headed hydra barely misses you.
The eight-headed hydra closely misses you.
The eight-headed hydra bites you but does no damage.
The eight-headed hydra bites you!!
You die...

.............~7# #7.7
.~~~~~~....~7~~7 ~7
~.~.~..~.~...~~7# ~7
~.~.~~........~~7#
~.~...~~.~.~.~~~~#
.....~.~~.~~.¤.%~7##
.~.~.~.~..~...(k.##.##
.¤~~....~.¤.~DD.~.~.~
.~...~~......@DD~7~7~
~..~.~~.~~~.DD.....¤
.~......~..~......~~
...~..~....~..~~~~~
.~..~¤~....~....~.
.....~~..~~....~.
~..~~.~..~.....
.~....~...~...~


You could see a 11-headed hydra (strong), a ten-headed hydra (strong), 2
eight-headed hydras, a four-headed hydra, a swamp dragon (strong) and a swamp
drake (catching breath).

Vanquished Creatures
  Mara (Snake:3)
  Vashnia (Snake:3)
  Jorgrun (Swamp:2)
  A shard shrike skeleton (Abyss:2)
  A thorn hunter (Swamp:3)
  Kirke (D:14)
  Donald (Swamp:4)
  A fenstrider witch (Swamp:1)
  4 orc warlords
  4 starflowers (Abyss:3)
  4 eleionomae
  Nessos (D:12)
  Azrael (D:15)
  A minotaur (Gauntlet)
  A bunyip (Swamp:2)
  A green death (Gauntlet)
  A blizzard demon (Abyss:2)
  2 ettins (Orc:2)
  A shambling mangrove (Swamp:4)
  A quicksilver dragon zombie (Abyss:2)
  Josephine (Orc:1)
  2 fire dragons (D:15)
  4 vault guards (D:14)
  2 rakshasas
  11 hydras
  4 anacondas
  A salamander tyrant (Snake:3)
  A catoblepas (Lair:3)
  5 centaur warriors
  4 boulder beetles
  A ghost crab (Swamp:4)
  A death knight (D:15)
  3 two-headed ogres
  11 death yaks
  3 tengu warriors
  6 naga warriors
  3 alligators
  4 hell hogs (Abyss:2)
  Urug (Orc:1)
  2 orc high priests (Orc:2)
  11 naga sharpshooters
  2 skysharks (Lair:5)
  5 shock serpents
  7 thrashing horrors
  A sun demon (Abyss:2)
  A wretched star (Abyss:3)
  2 sixfirhies (Abyss:2)
  2 sea snakes (Snake:3)
  6 goliath frogs
  5 large abominations
  2 spectral anacondas (Snake:2)
  A shadow demon (Abyss:2)
  5 spriggan druids
  4 naga ritualists
  3 bog bodies
  5 swamp dragons
  A phantasmal warrior (D:15)
  3 wizards
  An anaconda skeleton (Snake:2)
  5 deep elf pyromancers
  4 orc sorcerers
  3 manticores
  7 mana vipers
  8 orc knights
  A wolf spider (Gauntlet)
  2 starcursed masses (Abyss:2)
  6 cyclopes
  25 ugly things
  8 salamanders
  A cyclops (shapeshifter) (Lair:5)
  6 will-o-the-wisps
  A moth of wrath (Gauntlet)
  2 slime creatures (D:13)
  4 elephants (Lair:2)
  17 black mambas
  An ice statue (Snake:2)
  3 gargoyles
  2 smoke demons
  6 naga magi
  2 unseen horrors
  7 cane toads
  A spectral sea snake (Snake:2)
  2 freezing wraiths
  An orange demon (Gauntlet)
  A torpor snail (Lair:5)
  8 komodo dragons
  4 rime drakes
  2 yaktaurs (D:15)
  An ancient zyme (Lair:5)
  3 kobold demonologists (D:9)
  2 anaconda simulacra (Snake:2)
  3 tengu conjurers
  12 trolls
  4 bloated husks
  6 spectral nagas (Snake:2)
  6 tyrant leeches
  A hellwing (Abyss:3)
  A spectral guardian serpent (Snake:2)
  9 hornets
  A tarantella (shapeshifter) (D:11)
  4 dream sheep (Lair:5)
  20 blink frogs
  2 blink frogs (shapeshifter)
  Sigmund (D:5)
  A shadow (D:10)
  2 vampires
  12 wraiths
  6 spriggans
  A ynoxinul (Abyss:2)
  9 humans
  48 yaks
  5 wyverns
  4 fire elementals (D:15)
  9 basilisks
  A sea snake simulacrum (Snake:2)
  4 redbacks (Gauntlet)
  7 vampire mosquitoes
  3 chaos spawn (Lair:5)
  A steam dragon (D:8)
  A warg (Orc:2)
  22 nagas
  An acid dragon (D:12)
  16 swamp worms
  13 water moccasins
  4 hell hounds (D:15)
  2 guardian serpent simulacra (Snake:2)
  51 orc warriors
  2 ice beasts (D:7)
  7 ogres
  9 wolves
  11 centaurs
  3 phantoms (D:5)
  Blork the orc (Orc:2)
  7 kobold brigands
  12 bullfrogs
  12 small abominations
  3 scorpions
  13 wights
  12 killer bees
  7 electric eels
  5 howler monkeys
  6 hounds
  A jelly (D:4)
  23 orc priests
  An iron imp (Abyss:2)
  A sleepcap (D:8)
  4 iguanas
  27 orc wizards
  6 hell rats (Lair:2)
  A boggart simulacrum (D:14)
  3 gnolls (D:4)
  A river rat (Sewer)
  15 adders
  2 naga simulacra (Snake:2)
  A white imp (D:5)
  2 ufetubi
  3 worms
  A dart slug (D:2)
  66 orcs
  5 ball pythons
  6 bats
  4 endoplasms
  6 giant cockroaches
  8 goblins
  9 hobgoblins
  33 kobolds
  3 quokkas
  3 frilled lizards
  10 rats
961 creatures vanquished.

Vanquished Creatures (others)
  A hydra (Swamp:2)
  A bloated husk (Swamp:2)
  22 foxfires
24 creatures vanquished.

Grand Total: 985 creatures vanquished

Notes
Turn   | Place    | Note
-------+----------+-------------------------------------------
     0 | D:1      | qw the Gargoyle Fighter began the quest for the Orb.
     0 | D:1      | Reached XP level 1. HP: 14/14 MP: 1/1
     0 | D:1      | 0 ||| qw: Version: 0.2-a-29-g511e9b1
     0 | D:1      | 0 ||| qw: Game counter: 5656
     0 | D:1      | 0 ||| qw: Always use a shield: true
     0 | D:1      | 0 ||| qw: God list: Okawaru
     0 | D:1      | 0 ||| qw: Allow faded altars: false
     0 | D:1      | 0 ||| qw: Do Orc after D:15 true
     0 | D:1      | 0 ||| qw: Do second Lair branch before Depths: true
     0 | D:1      | 0 ||| qw: Lair rune preference: random
     0 | D:1      | 0 ||| qw: Plans: Normal, Zot:1-4, Slime:5, God:TSO, Crypt,
                  | Tomb, Abyss, Pan, Hells, Win
     0 | D:1      | 0 ||| PLANNING D:1-11
    80 | D:1      | 80 ||| Stepping ~*~*~tactically~*~*~ (stealth).
   118 | D:1      | Reached XP level 2. HP: 13/19 MP: 2/2
   214 | D:1      | 214 ||| Stepping ~*~*~tactically~*~*~ (hiding).
   215 | D:1      | 215 ||| Stepping ~*~*~tactically~*~*~ (hiding).
   385 | D:1      | 385 ||| Stepping ~*~*~tactically~*~*~ (stealth).
   511 | D:1      | Reached skill level 3 in Axes
   677 | D:1      | Reached XP level 3. HP: 23/23 MP: 3/3
   780 | D:1      | 780 ||| UPGRADING to +1 scale mail of cold resistance.
   790 | D:1      | 790 ||| DROPPING +0 scale mail.
   791 | D:1      | 791 ||| READING scroll labelled LOCAWEOSI.
   792 | D:1      | 792 ||| READING scroll labelled ACHA ZOKHIR.
   797 | D:1      | 797 ||| READING scroll labelled POLUJO DERIMET.
   798 | D:1      | 798 ||| READING scroll labelled RISACZ LUCUNU.
   799 | D:1      | 799 ||| READING scroll labelled YMOTES ADENWASH.
   842 | D:2      | 842 ||| STAIRDANCE
   951 | D:2      | Found a faded altar of an unknown god.
   977 | D:2      | Reached XP level 4. HP: 28/28 MP: 4/4
   988 | D:2      | Found an opulent altar of Gozag.
  1024 | D:2      | You fall into a shaft and drop 2 floors!
  1131 | D:4      | 1131 ||| UPGRADING to +0 helmet.
  1136 | D:4      | 1136 ||| READING scroll labelled MACAPE VY ATILL.
  1136 | D:4      | Identified a scroll of acquirement
  1136 | D:4      | 1136 ||| ACQUIRING +6 ring of dexterity
  1136 | D:4      | Acquired a +6 ring of dexterity
  1138 | D:4      | 1138 ||| UPGRADING to +6 ring of dexterity.
  1139 | D:4      | 1139 ||| DRINKING 2 brown potions.
  1140 | D:4      | 1140 ||| DRINKING 2 smoky orange potions.
  1141 | D:4      | 1141 ||| READING 3 scrolls of identify.
  1141 | D:4      | 1141 ||| IDENTIFYING fuming golden potion
  1142 | D:4      | 1142 ||| READING 2 scrolls of identify.
  1142 | D:4      | 1142 ||| IDENTIFYING yellow potion
  1143 | D:4      | 1143 ||| DROPPING potion of berserk rage.
  1178 | D:3      | 1178 ||| STAIRDANCE
  1386 | D:2      | 1386 ||| DROPPING +0 club.
  1659 | D:2      | 1659 ||| DRINKING 2 viscous green potions.
  1660 | D:2      | 1660 ||| READING 5 scrolls of identify.
  1660 | D:2      | 1660 ||| IDENTIFYING ruby potion
  1661 | D:2      | 1661 ||| READING 4 scrolls of identify.
  1661 | D:2      | 1661 ||| IDENTIFYING clear potion
  1662 | D:2      | 1662 ||| DROPPING potion of degeneration.
  1663 | D:2      | 1663 ||| DROPPING potion of invisibility.
  1698 | D:3      | Reached XP level 5. HP: 32/32 MP: 5/5
  1756 | D:3      | Reached skill level 1 in Dodging
  1766 | D:3      | Identified the +2 ring mail of Gythriom {rN+ Dex-3 SInv}
  1885 | D:3      | Found a snail-covered altar of Cheibriados.
  1887 | D:3      | Found a shadowy altar of Dithmenos.
  2253 | D:3      | 2253 ||| DRINKING 4 potions of curing.
  2253 | D:3      | 2253 ||| (to cure confusion)
  2261 | D:3      | 2261 ||| FLEEEEING.
  2267 | D:3      | 2267 ||| DROPPING +0 whip.
  2277 | D:3      | 2277 ||| DROPPING +0 mace.
  2285 | D:3      | 2285 ||| UPGRADING to +2 ring mail of Gythriom {rN+ Dex-3
                  | SInv}.
  2295 | D:3      | 2295 ||| READING scroll labelled NODI BELEJODI.
  2296 | D:3      | 2296 ||| READING 2 scrolls labelled MAURHE BAUKULL.
  2397 | D:3      | 2397 ||| READING scroll labelled ITOPLO ACSOZO.
  2398 | D:3      | 2398 ||| READING 4 scrolls of identify.
  2398 | D:3      | 2398 ||| IDENTIFYING fizzy silvery potion
  2399 | D:3      | 2399 ||| DROPPING scroll of silence.
  2494 | D:4      | Reached skill level 1 in Throwing
  2516 | D:4      | Reached XP level 6. HP: 26/37 MP: 6/6
  2520 | D:4      | 2520 ||| FLEEEEING.
  2521 | D:4      | 2521 ||| FLEEEEING.
  2522 | D:4      | 2522 ||| FLEEEEING.
  2523 | D:4      | 2523 ||| FLEEEEING.
  2524 | D:4      | 2524 ||| FLEEEEING.
  2525 | D:4      | 2525 ||| FLEEEEING.
  2526 | D:4      | 2526 ||| FLEEEEING.
  2527 | D:4      | 2527 ||| FLEEEEING.
  2528 | D:4      | 2528 ||| FLEEEEING.
  2529 | D:4      | 2529 ||| FLEEEEING.
  2531 | D:4      | 2531 ||| FLEEEEING.
  2532 | D:4      | 2532 ||| FLEEEEING.
  2538 | D:4      | 2538 ||| FLEEEEING.
  2539 | D:4      | 2539 ||| FLEEEEING.
  2540 | D:4      | 2540 ||| FLEEEEING.
  2541 | D:4      | 2541 ||| FLEEEEING.
  2542 | D:4      | 2542 ||| FLEEEEING.
  2543 | D:4      | 2543 ||| FLEEEEING.
  2544 | D:4      | 2544 ||| FLEEEEING.
  2545 | D:4      | 2545 ||| FLEEEEING.
  2546 | D:4      | 2546 ||| FLEEEEING.
  2552 | D:4      | 2552 ||| FLEEEEING.
  2553 | D:4      | 2553 ||| FLEEEEING.
  2554 | D:4      | 2554 ||| FLEEEEING.
  2555 | D:4      | 2555 ||| STAIRDANCE
  2571 | D:4      | 2571 ||| STAIRDANCE
  2574 | D:3      | HP: 9/37 [iguana (9)]
  2575 | D:3      | 2575 ||| READING 4 scrolls of teleportation.
  2773 | D:4      | 2773 ||| READING 4 scrolls of identify.
  2773 | D:4      | 2773 ||| IDENTIFYING metallic orange potion
  2774 | D:4      | 2774 ||| READING 3 scrolls of identify.
  2774 | D:4      | 2774 ||| IDENTIFYING white potion
  2775 | D:4      | 2775 ||| DROPPING potion of ambrosia.
  2776 | D:4      | 2776 ||| DROPPING potion of enlightenment.
  2785 | D:4      | 2785 ||| STAIRDANCE
  3014 | D:4      | 3014 ||| UPGRADING to +0 pair of boots.
  3019 | D:4      | 3019 ||| DROPPING ring of flight.
  3032 | D:5      | Entered Level 5 of the Dungeon
  3032 | D:5      | Noticed Sigmund
  3033 | D:5      | 3033 ||| PLANNING SEWER
  3036 | D:5      | 3036 ||| STAIRDANCE
  3038 | D:4      | HP: 6/38 [ogre/+0 giant club (21)]
  3039 | D:4      | 3039 ||| READING 3 scrolls of teleportation.
  3194 | D:5      | 3194 ||| STAIRDANCE
  3196 | D:4      | 3196 ||| DRINKING 6 potions of curing.
  3196 | D:4      | 3196 ||| (to cure confusion)
  3206 | D:4      | Reached skill level 6 in Axes
  3206 | D:4      | Reached XP level 7. HP: 37/43 MP: 7/7
  3227 | D:5      | 3227 ||| STAIRDANCE
  3246 | D:5      | 3246 ||| DRINKING 5 potions of curing.
  3246 | D:5      | 3246 ||| (to cure confusion)
  3253 | D:5      | 3253 ||| Stepping ~*~*~tactically~*~*~ (stealth).
  3254 | D:5      | 3254 ||| Stepping ~*~*~tactically~*~*~ (stealth).
  3267 | D:5      | 3267 ||| FLEEEEING.
  3268 | D:5      | 3268 ||| FLEEEEING.
  3269 | D:5      | 3269 ||| STAIRDANCE
  3322 | D:5      | 3322 ||| DROPPING +0 flail.
  3332 | D:5      | Found a staircase to the Ecumenical Temple.
  3346 | D:5      | 3346 ||| Stepping ~*~*~tactically~*~*~ (stealth).
  3468 | D:5      | Killed Sigmund
  3469 | D:5      | Reached XP level 8. HP: 43/50 MP: 8/8
  3503 | D:5      | 3503 ||| READING scroll of enchant armour.
  3503 | D:5      | 3503 ||| ENCHANTING +0 helmet.
  3531 | D:5      | Found a glowing drain.
  3532 | D:5      | 3532 ||| READING 3 scrolls of identify.
  3532 | D:5      | 3532 ||| IDENTIFYING viscous clear potion
  3556 | Sewer    | Entered a sewer
  3671 | Sewer    | 3671 ||| Stepping ~*~*~tactically~*~*~ (stealth).
  3765 | Sewer    | 3765 ||| Stepping ~*~*~tactically~*~*~ (stealth).
  3768 | Sewer    | 3768 ||| Stepping ~*~*~tactically~*~*~ (hiding).
  3963 | Sewer    | 3963 ||| READING scroll of enchant armour.
  3963 | Sewer    | 3963 ||| ENCHANTING +1 helmet.
  4020 | D:5      | 4020 ||| PLANNING TEMPLE
  4055 | Temple   | Entered the Ecumenical Temple
  4128 | Temple   | 4128 ||| PLANNING OKAWARU WORSHIP
  4557 | Temple   | Became a worshipper of Warmaster Okawaru
  4558 | Temple   | 4558 ||| PLANNING D:1-11
  4836 | D:5      | 4836 ||| DRINKING 2 cyan potions.
  5024 | D:6      | Reached skill level 6 in Fighting
  5321 | D:6      | 5321 ||| READING scroll labelled TIRROP VUON.
  5379 | D:7      | Found Xamielyowe's Lightly-Used Armoury.
  5414 | D:7      | Noticed a hornet
  5415 | D:7      | 5415 ||| FLEEEEING.
  5416 | D:7      | 5416 ||| FLEEEEING.
  5428 | D:7      | Killed a hornet
  5428 | D:7      | Reached * piety under Okawaru
  5429 | D:7      | Reached skill level 9 in Axes
  5429 | D:7      | Reached XP level 9. HP: 25/55 MP: 9/9
  5429 | D:7      | 5429 ||| INVOKING Heroism.
  5431 | D:7      | Reached skill level 1 in Invocations
  5442 | D:7      | 5442 ||| INVOKING Heroism.
  5443 | D:7      | 5443 ||| INVOKING Heroism.
  5446 | D:7      | Reached skill level 3 in Invocations
  5494 | D:7      | 5494 ||| SHOPLISTING -1 crystal plate armour (900 gold,
                  | have 216).
  5494 | D:7      | 5494 ||| BUYING -1 demon whip (120 gold).
  5494 | D:7      | Bought a -1 demon whip for 120 gold pieces
  5494 | D:7      | 5494 ||| SHOPLISTING -3 crystal plate armour (780 gold,
                  | have 96).
  6101 | D:7      | 6101 ||| UPGRADING to +0 chain mail.
  6111 | D:7      | 6111 ||| DROPPING +2 ring mail of Gythriom {rN+ Dex-3
                  | SInv}.
  6112 | D:7      | 6112 ||| UPGRADING to ring of see invisible.
  6113 | D:7      | 6113 ||| READING scroll labelled GUHOTOXANEE.
  6114 | D:7      | 6114 ||| READING scroll labelled NOMOTSOSIMI.
  6115 | D:7      | 6115 ||| READING scroll labelled KIKIOT FEAP.
  6116 | D:7      | 6116 ||| READING 4 scrolls of identify.
  6116 | D:7      | 6116 ||| IDENTIFYING smoky cyan potion
  6161 | D:8      | 6161 ||| INVOKING Heroism.
  6163 | D:8      | Reached skill level 4 in Armour
  6560 | D:8      | 6560 ||| Stepping ~*~*~tactically~*~*~ (stealth).
  6572 | D:8      | Reached ** piety under Okawaru
  6573 | D:8      | Reached skill level 5 in Armour
  6580 | D:8      | 6580 ||| INVOKING Heroism.
  6611 | D:8      | 6611 ||| Stepping ~*~*~tactically~*~*~ (hiding).
  6629 | D:8      | Noticed a two-headed ogre
  6630 | D:8      | 6630 ||| INVOKING Heroism.
  6636 | D:8      | Killed a two-headed ogre
  6637 | D:8      | Reached XP level 10. HP: 62/63 MP: 10/13
  7026 | D:8      | 7026 ||| UPGRADING to +0 cloak.
  7103 | D:9      | 7103 ||| Stepping ~*~*~tactically~*~*~ (stealth).
  7104 | D:9      | Found a shadowy altar of Dithmenos.
  7104 | D:9      | Found a glowing silver altar of Zin.
  7105 | D:9      | 7105 ||| Stepping ~*~*~tactically~*~*~ (hiding).
  7157 | D:9      | 7157 ||| Stepping ~*~*~tactically~*~*~ (stealth).
  7158 | D:9      | Noticed a kobold demonologist
  7159 | D:9      | 7159 ||| Stepping ~*~*~tactically~*~*~ (hiding).
  7172 | D:9      | Reached skill level 6 in Armour
  7173 | D:9      | Found a sparkling altar of Nemelex Xobeh.
  7173 | D:9      | Noticed a kobold demonologist
  7174 | D:9      | 7174 ||| Stepping ~*~*~tactically~*~*~ (hiding).
  7176 | D:9      | 7176 ||| Stepping ~*~*~tactically~*~*~ (hiding).
  7183 | D:9      | 7183 ||| INVOKING Heroism.
  7185 | D:9      | Noticed a smoke demon
  7186 | D:9      | Killed a kobold demonologist
  7196 | D:9      | Noticed an orange demon
  7196 | D:9      | Killed a kobold demonologist
  7199 | D:9      | Noticed a kobold demonologist
  7199 | D:9      | 7199 ||| Stepping ~*~*~tactically~*~*~ (stealth).
  7203 | D:9      | 7203 ||| Stepping ~*~*~tactically~*~*~ (stealth).
  7205 | D:9      | 7205 ||| Stepping ~*~*~tactically~*~*~ (hiding).
  7213 | D:9      | Killed a kobold demonologist
  7213 | D:9      | Reached *** piety under Okawaru
  7223 | D:9      | Found a bloodstained altar of Trog.
  7277 | D:9      | 7277 ||| INVOKING Heroism.
  7513 | D:9      | 7513 ||| INVOKING Heroism.
  7522 | D:9      | Reached skill level 3 in Dodging
  7858 | D:9      | Reached XP level 11. HP: 54/69 MP: 14/14
  7861 | D:9      | Reached **** piety under Okawaru
  7862 | D:9      | Reached skill level 9 in Fighting
  7910 | D:9      | 7910 ||| DROPPING +1 flail of protection.
  7959 | D:9      | Identified the +0 pair of boots of Complete Protection {rC+
                  | rN+ Str-4}
  7966 | D:9      | Identified the +3 leather armour of Defiance {Rampage *Slow
                  | rPois Dex+9}
  7967 | D:9      | Noticed a cyclops
  7968 | D:9      | 7968 ||| INVOKING Heroism.
  7968 | D:9      | Noticed a boulder beetle
  7982 | D:9      | Killed a cyclops
  8000 | D:9      | 8000 ||| INVOKING Heroism.
  8000 | D:9      | Noticed a green ugly thing
  8017 | D:9      | Killed a green ugly thing
  8018 | D:9      | Reached skill level 7 in Armour
  8032 | D:9      | 8032 ||| INVOKING Heroism.
  8061 | D:9      | Killed a boulder beetle
  8089 | D:9      | Noticed a centaur warrior
  8090 | D:9      | 8090 ||| Stepping ~*~*~tactically~*~*~ (stealth).
  8106 | D:9      | 8106 ||| INVOKING Heroism.
  8107 | D:9      | Killed a centaur warrior
  8266 | D:9      | 8266 ||| DROPPING +1 scale mail of cold resistance.
  8267 | D:9      | 8267 ||| DROPPING orb of energy.
  8268 | D:9      | 8268 ||| UPGRADING to +0 plate armour.
  8278 | D:9      | 8278 ||| DROPPING +0 chain mail.
  8279 | D:9      | 8279 ||| UPGRADING to +0 pair of boots of Complete
                  | Protection {rC+ rN+ Str-4}.
  8289 | D:9      | 8289 ||| DROPPING +2 chain mail of willpower.
  8290 | D:9      | 8290 ||| READING scroll labelled BYIBRA LOUR.
  8291 | D:9      | 8291 ||| READING scroll labelled AGIBRAR FUOJEY.
  8314 | D:10     | Entered Level 10 of the Dungeon
  8320 | D:10     | 8320 ||| STAIRDANCE
  8324 | D:9      | 8324 ||| INVOKING Heroism.
  8365 | D:10     | 8365 ||| STAIRDANCE
  8367 | D:9      | 8367 ||| INVOKING Heroism.
  8475 | D:10     | 8475 ||| STAIRDANCE
  8554 | D:10     | 8554 ||| INVOKING Heroism.
  8564 | D:10     | 8564 ||| DRINKING 5 potions of curing.
  8564 | D:10     | 8564 ||| (to cure confusion)
  8580 | D:10     | Reached skill level 8 in Armour
  8603 | D:10     | 8603 ||| INVOKING Heroism.
  8664 | D:10     | 8664 ||| INVOKING Heroism.
  8680 | D:10     | Found a staircase to the Orcish Mines.
  8749 | D:10     | 8749 ||| INVOKING Heroism.
  8761 | D:10     | Reached skill level 6 in Invocations
  8810 | D:10     | Found an ornate altar of the Wu Jian Council.
  8832 | D:10     | 8832 ||| INVOKING Heroism.
  8903 | D:10     | 8903 ||| INVOKING Heroism.
  8980 | D:10     | Found a staircase to the Lair.
  8994 | D:10     | 8994 ||| Stepping ~*~*~tactically~*~*~ (stealth).
  9012 | D:10     | Received a gift from Okawaru
  9028 | D:10     | Reached skill level 9 in Armour
  9035 | D:10     | 9035 ||| INVOKING Heroism.
  9045 | D:10     | Reached skill level 12 in Axes
  9045 | D:10     | Reached XP level 12. HP: 69/76 MP: 15/17
  9122 | D:10     | 9122 ||| DROPPING -1 demon whip.
  9123 | D:10     | 9123 ||| DROPPING +0 morningstar.
  9241 | D:10     | 9241 ||| PLANNING LAIR
  9241 | D:10     | 9241 ||| DROPPING +2 hat.
  9242 | D:10     | 9242 ||| UPGRADING to +4 ring of slaying {mikee}.
  9251 | Lair:1   | Entered Level 1 of the Lair of Beasts
  9319 | Lair:1   | 9319 ||| INVOKING Heroism.
  9475 | Lair:1   | 9475 ||| INVOKING Heroism.
  9488 | Lair:1   | Reached skill level 6 in Shields
  9543 | Lair:1   | 9543 ||| READING scroll of acquirement.
  9543 | Lair:1   | 9543 ||| ACQUIRING 705 gold pieces
  9543 | Lair:1   | Acquired 705 gold pieces
  9566 | Lair:1   | 9566 ||| INVOKING Heroism.
  9697 | Lair:1   | 9697 ||| DROPPING +0 war axe.
  9717 | Lair:1   | 9717 ||| READING scroll of enchant armour.
  9717 | Lair:1   | 9717 ||| ENCHANTING +0 cloak.
 10189 | Lair:1   | 10189 ||| UPGRADING to amulet of regeneration.
 10194 | Lair:1   | 10194 ||| UPGRADING to +5 ring of evasion.
 10196 | Lair:1   | 10196 ||| DROPPING +6 ring of dexterity.
 10224 | Lair:2   | 10224 ||| PLANNING GAUNTLET
 10227 | Lair:2   | 10227 ||| Stepping ~*~*~tactically~*~*~ (stealth).
 10229 | Lair:2   | 10229 ||| Stepping ~*~*~tactically~*~*~ (stealth).
 10242 | Lair:2   | Received a gift from Okawaru
 10258 | Lair:2   | Reached skill level 9 in Invocations
 10606 | Lair:2   | 10606 ||| INVOKING Heroism.
 10609 | Lair:2   | 10609 ||| Stepping ~*~*~tactically~*~*~ (stealth).
 10634 | Lair:2   | Found a staircase to the Snake Pit.
 10771 | Lair:2   | Found a gate leading to a gauntlet.
 10780 | Gauntlet | Entered a Gauntlet
 10780 | Gauntlet | Found a transporter.
 10783 | Gauntlet | Found a transporter.
 10783 | Gauntlet | Noticed a green death
 10798 | Gauntlet | Found a transporter.
 10801 | Gauntlet | Found a transporter.
 10824 | Gauntlet | Found a transporter.
 10833 | Gauntlet | Found a transporter.
 10834 | Gauntlet | Noticed a dire elephant
 10838 | Gauntlet | Found a transporter.
 10842 | Gauntlet | Found a transporter.
 10855 | Gauntlet | Found a runed translucent door.
 10865 | Gauntlet | Found a transporter.
 10874 | Gauntlet | Found a transporter.
 10874 | Gauntlet | Found a transporter.
 10876 | Gauntlet | Found a runed translucent door.
 10877 | Gauntlet | Noticed a hell beast
 10878 | Gauntlet | Found a runed translucent door.
 10882 | Gauntlet | Found a transporter.
 10912 | Gauntlet | Noticed a quicksilver ooze
 10984 | Gauntlet | 10984 ||| INVOKING Heroism.
 10989 | Gauntlet | HP: 19/77 [green death/poison arrow (7)]
 10990 | Gauntlet | 10990 ||| DRINKING potion of heal wounds.
 10998 | Gauntlet | Killed a green death
 11032 | Gauntlet | 11032 ||| DROPPING scarf of shadows.
 11045 | Gauntlet | Reached skill level 3 in Throwing
 11047 | Gauntlet | 11047 ||| INVOKING Heroism.
 11125 | Gauntlet | 11125 ||| UPGRADING to +0 pair of gloves of strength.
 11183 | Gauntlet | Identified the +4 storm dragon scales of the Furrier {rElec
                  | rF- Int+2 Slay+3}
 11183 | Gauntlet | Noticed a minotaur
 11184 | Gauntlet | 11184 ||| Stepping ~*~*~tactically~*~*~ (stealth).
 11186 | Gauntlet | 11186 ||| Stepping ~*~*~tactically~*~*~ (stealth).
 11188 | Gauntlet | 11188 ||| Stepping ~*~*~tactically~*~*~ (stealth).
 11190 | Gauntlet | 11190 ||| Stepping ~*~*~tactically~*~*~ (hiding).
 11193 | Gauntlet | 11193 ||| INVOKING Heroism.
 11220 | Gauntlet | 11220 ||| INVOKING Heroism.
 11226 | Gauntlet | Killed a minotaur
 11262 | Gauntlet | 11262 ||| UPGRADING to +4 storm dragon scales of the
                  | Furrier {rElec rF- Int+2 Slay+3}.
 11272 | Gauntlet | 11272 ||| DROPPING +0 plate armour.
 11286 | Lair:2   | 11286 ||| PLANNING LAIR
 11315 | Lair:2   | Found a staircase to the Swamp.
 11596 | Lair:2   | 11596 ||| READING 5 scrolls of identify.
 11596 | Lair:2   | 11596 ||| IDENTIFYING sapphire potion
 11625 | Lair:3   | Reached XP level 13. HP: 78/82 MP: 20/20
 11823 | Lair:3   | 11823 ||| Stepping ~*~*~tactically~*~*~ (stealth).
 11824 | Lair:3   | 11824 ||| INVOKING Heroism.
 11825 | Lair:3   | 11825 ||| Stepping ~*~*~tactically~*~*~ (stealth).
 11903 | Lair:3   | 11903 ||| Stepping ~*~*~tactically~*~*~ (stealth).
 11941 | Lair:3   | 11941 ||| INVOKING Heroism.
 12068 | Lair:3   | 12068 ||| INVOKING Heroism.
 12487 | Lair:3   | 12487 ||| DRINKING 2 pink potions.
 12488 | Lair:3   | 12488 ||| DROPPING potion of brilliance.
 12549 | Lair:4   | 12549 ||| INVOKING Heroism.
 12566 | Lair:4   | Received a gift from Okawaru
 12655 | Lair:4   | 12655 ||| Stepping ~*~*~tactically~*~*~ (stealth).
 12677 | Lair:4   | Reached skill level 10 in Armour
 12703 | Lair:4   | 12703 ||| Stepping ~*~*~tactically~*~*~ (stealth).
 12705 | Lair:4   | 12705 ||| INVOKING Heroism.
 12715 | Lair:4   | Received a gift from Okawaru
 12744 | Lair:4   | Reached ***** piety under Okawaru
 12915 | Lair:4   | 12915 ||| Stepping ~*~*~tactically~*~*~ (stealth).
 12932 | Lair:4   | Found a staircase to the Slime Pits.
 13138 | Lair:4   | 13138 ||| INVOKING Heroism.
 13253 | Lair:4   | 13253 ||| INVOKING Heroism.
 13254 | Lair:4   | 13254 ||| INVOKING Finesse.
 13260 | Lair:4   | Received a gift from Okawaru
 13463 | Lair:4   | 13463 ||| DROPPING ring of positive energy.
 13464 | Lair:4   | 13464 ||| READING scroll labelled URICOAT AMYAC.
 13493 | Lair:5   | Entered Level 5 of the Lair of Beasts
 13494 | Lair:5   | 13494 ||| INVOKING Heroism.
 13562 | Lair:5   | 13562 ||| Stepping ~*~*~tactically~*~*~ (stealth).
 13564 | Lair:5   | 13564 ||| Stepping ~*~*~tactically~*~*~ (stealth).
 13586 | Lair:5   | 13586 ||| INVOKING Heroism.
 13591 | Lair:5   | Received a gift from Okawaru
 13613 | Lair:5   | 13613 ||| Stepping ~*~*~tactically~*~*~ (stealth).
 13638 | Lair:5   | 13638 ||| Stepping ~*~*~tactically~*~*~ (hiding).
 13666 | Lair:5   | 13666 ||| INVOKING Heroism.
 13702 | Lair:5   | 13702 ||| Stepping ~*~*~tactically~*~*~ (stealth).
 13704 | Lair:5   | 13704 ||| Stepping ~*~*~tactically~*~*~ (stealth).
 13705 | Lair:5   | 13705 ||| Stepping ~*~*~tactically~*~*~ (stealth).
 13730 | Lair:5   | 13730 ||| Stepping ~*~*~tactically~*~*~ (stealth).
 13734 | Lair:5   | 13734 ||| INVOKING Heroism.
 13778 | Lair:5   | 13778 ||| INVOKING Heroism.
 13813 | Lair:5   | 13813 ||| Stepping ~*~*~tactically~*~*~ (stealth).
 13833 | Lair:5   | 13833 ||| INVOKING Heroism.
 13911 | Lair:5   | Gained mutation: Your large and strong wings let you fly.
                  | [Gargoyle growth]
 13911 | Lair:5   | Reached XP level 14. HP: 90/90 MP: 21/21
 13935 | Lair:5   | Reached skill level 11 in Armour
 13993 | Lair:5   | Found a corrupted altar of Lugonu.
 14008 | Lair:5   | Found a one-way gate to the infinite horrors of the Abyss.
 14014 | Lair:5   | Identified the +1 helmet of Peklicuu {rC++ Str-2 Int+4
                  | SInv}
 14105 | Lair:5   | 14105 ||| Stepping ~*~*~tactically~*~*~ (stealth).
 14116 | Lair:5   | 14116 ||| INVOKING Heroism.
 14321 | Lair:5   | 14321 ||| INVOKING Heroism.
 14322 | Lair:5   | 14322 ||| INVOKING Finesse.
 14323 | Lair:5   | 14323 ||| INVOKING Finesse.
 14339 | Lair:5   | Received a gift from Okawaru
 14349 | Lair:5   | Reached skill level 15 in Axes
 14608 | Lair:5   | Identified the +1 crystal plate armour of Wariness {rN+
                  | Int+5 Dex+4} (Okawaru gifted it to you on level 5 of the
                  | Lair of Beasts)
 14608 | Lair:5   | Received a gift from Okawaru
 14609 | Lair:5   | Reached skill level 12 in Fighting
 14851 | Lair:5   | 14851 ||| Stepping ~*~*~tactically~*~*~ (stealth).
 14878 | Lair:5   | 14878 ||| FLEEEEING.
 14882 | Lair:5   | 14882 ||| INVOKING Heroism.
 14955 | Lair:5   | 14955 ||| PLANNING D:1-11
 14955 | Lair:5   | 14955 ||| UPGRADING to +1 crystal plate armour of Wariness
                  | {rN+ Int+5 Dex+4}.
 14965 | Lair:5   | 14965 ||| DROPPING +4 storm dragon scales of the Furrier
                  | {rElec rF- Int+2 Slay+3}.
 14966 | Lair:5   | 14966 ||| DROPPING +2 plate armour of poison resistance.
 14967 | Lair:5   | 14967 ||| DROPPING +4 scale mail of fire resistance.
 14968 | Lair:5   | 14968 ||| UPGRADING to +1 helmet of Peklicuu {rC++ Str-2
                  | Int+4 SInv}.
 14978 | Lair:5   | 14978 ||| REMOVING ring of see invisible.
 14979 | Lair:5   | 14979 ||| UPGRADING to +0 pair of boots.
 14989 | Lair:5   | 14989 ||| UPGRADING to +4 ring of slaying {mikee}.
 14990 | Lair:5   | 14990 ||| DROPPING ring of see invisible.
 15180 | D:11     | 15180 ||| Stepping ~*~*~tactically~*~*~ (hiding).
 15366 | Abyss:2  | Cast into level 2 of the Abyss (a wizard)
 15368 | Abyss:2  | 15368 ||| Stepping ~*~*~tactically~*~*~ (stealth).
 15371 | Abyss:2  | Found a corrupted altar of Lugonu.
 15425 | Abyss:2  | 15425 ||| Stepping ~*~*~tactically~*~*~ (stealth).
 15450 | Abyss:2  | Noticed a starcursed mass
 15470 | Abyss:2  | 15470 ||| INVOKING Heroism.
 15505 | Abyss:2  | 15505 ||| Stepping ~*~*~tactically~*~*~ (stealth).
 15509 | Abyss:2  | 15509 ||| Stepping ~*~*~tactically~*~*~ (hiding).
 15518 | Abyss:2  | Reached skill level 12 in Armour
 15528 | Abyss:2  | 15528 ||| Stepping ~*~*~tactically~*~*~ (stealth).
 15560 | Abyss:2  | 15560 ||| Stepping ~*~*~tactically~*~*~ (stealth).
 15565 | Abyss:2  | 15565 ||| Stepping ~*~*~tactically~*~*~ (stealth).
 15567 | Abyss:2  | 15567 ||| Stepping ~*~*~tactically~*~*~ (stealth).
 15568 | Abyss:2  | 15568 ||| Stepping ~*~*~tactically~*~*~ (stealth).
 15572 | Abyss:2  | 15572 ||| Stepping ~*~*~tactically~*~*~ (hiding).
 15573 | Abyss:2  | 15573 ||| Stepping ~*~*~tactically~*~*~ (hiding).
 15575 | Abyss:2  | 15575 ||| Stepping ~*~*~tactically~*~*~ (hiding).
 15622 | Abyss:2  | 15622 ||| INVOKING Heroism.
 15623 | Abyss:2  | 15623 ||| INVOKING Finesse.
 15639 | Abyss:2  | 15639 ||| Stepping ~*~*~tactically~*~*~ (stealth).
 15651 | Abyss:2  | 15651 ||| Stepping ~*~*~tactically~*~*~ (stealth).
 15652 | Abyss:2  | 15652 ||| Stepping ~*~*~tactically~*~*~ (stealth).
 15656 | Abyss:2  | 15656 ||| Stepping ~*~*~tactically~*~*~ (stealth).
 15658 | Abyss:2  | 15658 ||| Stepping ~*~*~tactically~*~*~ (stealth).
 15659 | Abyss:2  | 15659 ||| Stepping ~*~*~tactically~*~*~ (stealth).
 15700 | Abyss:2  | Reached skill level 13 in Armour
 15751 | Abyss:2  | 15751 ||| Stepping ~*~*~tactically~*~*~ (hiding).
 15752 | Abyss:2  | 15752 ||| Stepping ~*~*~tactically~*~*~ (hiding).
 15753 | Abyss:2  | 15753 ||| Stepping ~*~*~tactically~*~*~ (stealth).
 15754 | Abyss:2  | 15754 ||| INVOKING Heroism.
 15755 | Abyss:2  | 15755 ||| INVOKING Finesse.
 15763 | Abyss:2  | Reached XP level 15. HP: 95/96 MP: 14/22
 15788 | D:11     | Escaped the Abyss
 15792 | D:11     | Reached skill level 14 in Armour
 15829 | D:11     | 15829 ||| READING scroll of enchant weapon.
 15829 | D:11     | 15829 ||| ENCHANTING +0 vampiric war axe.
 16486 | D:11     | Found a portal to a secret trove of treasure.
 16527 | D:11     | 16527 ||| PLANNING D
 16552 | D:12     | Found a runed translucent gate.
 16552 | D:12     | Found a runed translucent gate.
 16552 | D:12     | Found a runed translucent gate.
 16626 | D:12     | 16626 ||| Stepping ~*~*~tactically~*~*~ (stealth).
 16628 | D:12     | 16628 ||| INVOKING Heroism.
 16718 | D:12     | 16718 ||| INVOKING Heroism.
 16719 | D:12     | 16719 ||| INVOKING Finesse.
 16726 | D:12     | 16726 ||| SWAPPING to +1 hand axe of flaming.
 16728 | D:12     | 16728 ||| UPGRADING to +1 vampiric war axe.
 16833 | D:12     | Noticed Nessos
 16835 | D:12     | 16835 ||| Stepping ~*~*~tactically~*~*~ (hiding).
 16842 | D:12     | 16842 ||| Stepping ~*~*~tactically~*~*~ (hiding).
 16847 | D:12     | Killed Nessos
 16847 | D:12     | Received a gift from Okawaru
 17251 | D:12     | Noticed Neel Ube's ghost (journeyman FoFi)
 17251 | D:12     | Noticed Soedd's ghost (journeyman DgAr)
 17948 | D:13     | 17948 ||| Stepping ~*~*~tactically~*~*~ (stealth).
 17952 | D:13     | 17952 ||| INVOKING Heroism.
 17955 | D:13     | 17955 ||| READING 5 scrolls of teleportation.
 18195 | D:13     | Identified the +4 ring mail "Xysifese" {Str+3}
 18371 | D:13     | 18371 ||| Stepping ~*~*~tactically~*~*~ (stealth).
 18438 | D:13     | 18438 ||| Stepping ~*~*~tactically~*~*~ (hiding).
 18699 | D:13     | 18699 ||| READING scroll labelled YRAOXA TEAF.
 18778 | D:14     | Received a gift from Okawaru
 18924 | D:14     | Noticed Kirke
 18924 | D:14     | 18924 ||| INVOKING Heroism.
 18925 | D:14     | 18925 ||| INVOKING Finesse.
 18938 | D:14     | Killed Kirke
 19139 | Abyss:3  | Cast into level 3 of the Abyss (a wizard)
 19147 | Abyss:3  | Received a gift from Okawaru
 19148 | Abyss:3  | Reached skill level 15 in Armour
 19188 | Abyss:3  | Reached skill level 6 in Throwing
 19220 | Abyss:3  | 19220 ||| INVOKING Heroism.
 19252 | Abyss:3  | HP: 16/76 [starflower (9)]
 19253 | Abyss:3  | 19253 ||| DRINKING 4 potions of heal wounds.
 19254 | Abyss:3  | 19254 ||| Stepping ~*~*~tactically~*~*~ (hiding).
 19255 | Abyss:3  | 19255 ||| Stepping ~*~*~tactically~*~*~ (hiding).
 19263 | Abyss:3  | HP: 15/67 [wretched star/lance of force (17)]
 19264 | Abyss:3  | 19264 ||| DRINKING 3 potions of heal wounds.
 19265 | Abyss:3  | 19265 ||| INVOKING Heroism.
 19270 | Abyss:3  | Received a gift from Okawaru
 19294 | D:14     | Escaped the Abyss
 19326 | D:14     | 19326 ||| Stepping ~*~*~tactically~*~*~ (hiding).
 19327 | D:14     | 19327 ||| Stepping ~*~*~tactically~*~*~ (hiding).
 19337 | D:14     | 19337 ||| INVOKING Heroism.
 19346 | D:14     | 19346 ||| Stepping ~*~*~tactically~*~*~ (hiding).
 19349 | D:14     | 19349 ||| Stepping ~*~*~tactically~*~*~ (stealth).
 19359 | D:14     | 19359 ||| INVOKING Finesse.
 19371 | D:14     | 19371 ||| SWAPPING to +1 hand axe of flaming.
 19418 | D:14     | 19418 ||| Stepping ~*~*~tactically~*~*~ (stealth).
 19427 | D:14     | 19427 ||| UPGRADING to +1 vampiric war axe.
 19465 | D:14     | Received a gift from Okawaru
 19466 | D:14     | Reached XP level 16. HP: 101/101 MP: 23/23
 19474 | D:14     | Found a gate to the Vaults.
 19730 | D:14     | 19730 ||| Stepping ~*~*~tactically~*~*~ (stealth).
 19731 | D:14     | 19731 ||| Stepping ~*~*~tactically~*~*~ (stealth).
 19733 | D:14     | 19733 ||| Stepping ~*~*~tactically~*~*~ (hiding).
 20010 | D:15     | Entered Level 15 of the Dungeon
 20129 | D:15     | 20129 ||| INVOKING Heroism.
 20210 | D:15     | Noticed Azrael
 20211 | D:15     | 20211 ||| INVOKING Heroism.
 20212 | D:15     | 20212 ||| INVOKING Finesse.
 20243 | D:15     | Killed Azrael
 20243 | D:15     | Received a gift from Okawaru
 20322 | D:15     | 20322 ||| READING scroll of acquirement.
 20322 | D:15     | 20322 ||| ACQUIRING +2 cloak of Polytheism {Harm rF+}
 20322 | D:15     | Acquired the +2 cloak of Polytheism {Harm rF+}
 20477 | D:15     | 20477 ||| Stepping ~*~*~tactically~*~*~ (hiding).
 20502 | D:15     | 20502 ||| INVOKING Heroism.
 20795 | D:15     | 20795 ||| Stepping ~*~*~tactically~*~*~ (stealth).
 20797 | D:15     | 20797 ||| Stepping ~*~*~tactically~*~*~ (stealth).
 20798 | D:15     | 20798 ||| Stepping ~*~*~tactically~*~*~ (stealth).
 21012 | D:15     | Reached skill level 16 in Armour
 21086 | D:15     | 21086 ||| Stepping ~*~*~tactically~*~*~ (hiding).
 21091 | D:15     | 21091 ||| INVOKING Heroism.
 21099 | D:15     | 21099 ||| SWAPPING to +1 hand axe of flaming.
 21103 | D:15     | 21103 ||| Stepping ~*~*~tactically~*~*~ (hiding).
 21106 | D:15     | Identified the ring "Zaqobog" {rPois Int+4}
 21125 | D:15     | 21125 ||| UPGRADING to +1 vampiric war axe.
 21147 | D:15     | 21147 ||| Stepping ~*~*~tactically~*~*~ (stealth).
 21148 | D:15     | 21148 ||| Stepping ~*~*~tactically~*~*~ (stealth).
 21150 | D:15     | 21150 ||| Stepping ~*~*~tactically~*~*~ (hiding).
 21169 | D:15     | Reached skill level 9 in Shields
 21181 | D:15     | Received a gift from Okawaru
 21244 | D:15     | 21244 ||| Stepping ~*~*~tactically~*~*~ (hiding).
 21248 | D:15     | 21248 ||| INVOKING Heroism.
 21299 | D:15     | Found a staircase to the Depths.
 21392 | D:15     | 21392 ||| PLANNING ORC
 21562 | Orc:1    | Entered Level 1 of the Orcish Mines
 21562 | Orc:1    | Noticed Urug
 21563 | Orc:1    | 21563 ||| INVOKING Heroism.
 21564 | Orc:1    | 21564 ||| INVOKING Finesse.
 21581 | Orc:1    | Killed Urug
 21607 | Orc:1    | 21607 ||| Stepping ~*~*~tactically~*~*~ (stealth).
 21646 | Orc:1    | 21646 ||| INVOKING Heroism.
 21686 | Orc:1    | Noticed Josephine
 21696 | Orc:1    | Killed Josephine
 21799 | Orc:1    | Found a burning altar of Makhleb.
 21937 | Orc:2    | Entered Level 2 of the Orcish Mines
 21962 | Orc:2    | 21962 ||| Stepping ~*~*~tactically~*~*~ (hiding).
 21963 | Orc:2    | 21963 ||| Stepping ~*~*~tactically~*~*~ (hiding).
 21964 | Orc:2    | 21964 ||| Stepping ~*~*~tactically~*~*~ (hiding).
 21999 | Orc:2    | Found a transporter.
 22020 | Orc:2    | Found a transporter.
 22049 | Orc:2    | Found a staircase to the Elven Halls.
 22067 | Orc:2    | Received a gift from Okawaru
 22124 | Orc:2    | 22124 ||| INVOKING Heroism.
 22146 | Orc:2    | Noticed Blork the orc
 22160 | Orc:2    | Killed Blork the orc
 22169 | Orc:2    | Paralysed by an orc sorcerer for 2 turns
 22172 | Orc:2    | 22172 ||| DRINKING 5 potions of cancellation.
 22174 | Orc:2    | Reached skill level 17 in Armour
 22174 | Orc:2    | 22174 ||| INVOKING Heroism.
 22185 | Orc:2    | Received a gift from Okawaru
 22252 | Orc:2    | Found Yntieg's Antique Weapon Emporium.
 22268 | Orc:1    | 22268 ||| INVOKING Heroism.
 22394 | Orc:1    | 22394 ||| INVOKING Heroism.
 22414 | Orc:1    | 22414 ||| INVOKING Finesse.
 22565 | Orc:2    | Found Bosiol's Armour Shoppe.
 22602 | Orc:2    | 22602 ||| INVOKING Heroism.
 22611 | Orc:2    | Received a gift from Okawaru
 22793 | Orc:2    | 22793 ||| FLEEEEING.
 22794 | Orc:2    | 22794 ||| FLEEEEING.
 22799 | Orc:2    | 22799 ||| Stepping ~*~*~tactically~*~*~ (hiding).
 22804 | Orc:2    | 22804 ||| Stepping ~*~*~tactically~*~*~ (hiding).
 22805 | Orc:2    | 22805 ||| Stepping ~*~*~tactically~*~*~ (hiding).
 22806 | Orc:2    | 22806 ||| Stepping ~*~*~tactically~*~*~ (hiding).
 22807 | Orc:2    | 22807 ||| Stepping ~*~*~tactically~*~*~ (hiding).
 22836 | Orc:2    | 22836 ||| INVOKING Heroism.
 22842 | Orc:2    | Received a gift from Okawaru
 22883 | Orc:2    | 22883 ||| INVOKING Heroism.
 22883 | Orc:2    | HP: 20/106 [orc warlord/+2 bardiche of protection (16)]
 22884 | Orc:2    | 22884 ||| READING 4 scrolls of teleportation.
 22885 | Orc:2    | 22885 ||| DRINKING 4 potions of heal wounds.
 22923 | Orc:2    | Found Moyn's Jewellery Emporium.
 22930 | Orc:2    | 22930 ||| BUYING ring "Ympuac" {rF+ rCorr Str-3 Int+7
                  | Slay+3} (937 gold).
 22930 | Orc:2    | Bought the ring "Ympuac" {rF+ rCorr Str-3 Int+7 Slay+3} for
                  | 937 gold pieces
 22930 | Orc:2    | 22930 ||| BUYING ring of ice (400 gold).
 22930 | Orc:2    | Bought a ring of ice for 400 gold pieces
 22930 | Orc:2    | 22930 ||| BUYING ring of ice (400 gold).
 22930 | Orc:2    | Bought a ring of ice for 400 gold pieces
 22930 | Orc:2    | 22930 ||| BUYING ring of protection from cold (400 gold).
 22930 | Orc:2    | Bought a ring of protection from cold for 400 gold pieces
 22930 | Orc:2    | 22930 ||| BUYING ring of protection from fire (400 gold).
 22930 | Orc:2    | Bought a ring of protection from fire for 400 gold pieces
 22972 | Orc:2    | Found Peka's Antique Armour Emporium.
 23053 | Orc:2    | Found Obaheop's General Store.
 23059 | Orc:2    | 23059 ||| BUYING potion of curing (39 gold).
 23059 | Orc:2    | Bought a potion of curing for 39 gold pieces
 23059 | Orc:2    | 23059 ||| BUYING scroll of brand weapon (123 gold).
 23059 | Orc:2    | Bought a scroll of brand weapon for 123 gold pieces
 23145 | Orc:2    | Noticed qw's ghost (adept GrFi)
 23169 | Orc:2    | 23169 ||| INVOKING Heroism.
 23210 | Orc:2    | 23210 ||| Stepping ~*~*~tactically~*~*~ (stealth).
 23220 | Orc:2    | 23220 ||| FLEEEEING.
 23249 | Orc:2    | 23249 ||| Stepping ~*~*~tactically~*~*~ (stealth).
 23250 | Orc:2    | 23250 ||| Stepping ~*~*~tactically~*~*~ (stealth).
 23251 | Orc:2    | 23251 ||| Stepping ~*~*~tactically~*~*~ (stealth).
 23252 | Orc:2    | 23252 ||| Stepping ~*~*~tactically~*~*~ (stealth).
 23284 | Orc:2    | 23284 ||| INVOKING Heroism.
 23301 | Orc:2    | Reached XP level 17. HP: 107/111 MP: 24/24
 23319 | Orc:2    | 23319 ||| INVOKING Heroism.
 23519 | Orc:2    | 23519 ||| PLANNING SWAMP:1-3
 23519 | Orc:2    | 23519 ||| UPGRADING to amulet of faith.
 23529 | Orc:2    | 23529 ||| DROPPING ring of fire.
 23530 | Orc:2    | 23530 ||| UPGRADING to ring "Ympuac" {rF+ rCorr Str-3 Int+7
                  | Slay+3}.
 23532 | Orc:2    | 23532 ||| DROPPING ring of ice.
 23674 | Swamp:1  | Entered Level 1 of the Swamp
 23699 | Swamp:1  | 23699 ||| INVOKING Heroism.
 23886 | Swamp:1  | 23886 ||| INVOKING Heroism.
 23976 | Swamp:1  | Reached skill level 18 in Armour
 23977 | Swamp:1  | 23977 ||| INVOKING Heroism.
 24021 | Swamp:1  | 24021 ||| Stepping ~*~*~tactically~*~*~ (hiding).
 24028 | Swamp:1  | Received a gift from Okawaru
 24053 | Swamp:1  | 24053 ||| INVOKING Heroism.
 24351 | Swamp:2  | 24351 ||| INVOKING Heroism.
 24352 | Swamp:2  | 24352 ||| SWAPPING to +1 hand axe of flaming.
 24361 | Swamp:2  | 24361 ||| STAIRDANCE
 24516 | Swamp:1  | 24516 ||| UPGRADING to +1 vampiric war axe.
 24543 | Swamp:2  | 24543 ||| Stepping ~*~*~tactically~*~*~ (hiding).
 24589 | Swamp:2  | 24589 ||| FLEEEEING.
 24590 | Swamp:2  | 24590 ||| FLEEEEING.
 24591 | Swamp:2  | 24591 ||| FLEEEEING.
 24592 | Swamp:2  | 24592 ||| FLEEEEING.
 24594 | Swamp:2  | 24594 ||| FLEEEEING.
 24595 | Swamp:2  | 24595 ||| INVOKING Heroism.
 24596 | Swamp:2  | 24596 ||| SWAPPING to +1 hand axe of flaming.
 24639 | Swamp:2  | 24639 ||| INVOKING Heroism.
 24648 | Swamp:2  | Reached skill level 15 in Fighting
 24664 | Swamp:2  | 24664 ||| UPGRADING to +1 vampiric war axe.
 24681 | Swamp:2  | Noticed Jorgrun
 24682 | Swamp:2  | 24682 ||| Stepping ~*~*~tactically~*~*~ (stealth).
 24684 | Swamp:2  | 24684 ||| Stepping ~*~*~tactically~*~*~ (hiding).
 24685 | Swamp:2  | 24685 ||| Stepping ~*~*~tactically~*~*~ (hiding).
 24686 | Swamp:2  | 24686 ||| Stepping ~*~*~tactically~*~*~ (hiding).
 24695 | Swamp:2  | 24695 ||| INVOKING Heroism.
 24700 | Swamp:2  | HP: 25/113 [Jorgrun/Lee's Rapid Deconstruction (16)]
 24701 | Swamp:2  | 24701 ||| READING 3 scrolls of teleportation.
 24702 | Swamp:2  | 24702 ||| DRINKING 3 potions of heal wounds.
 24703 | Swamp:2  | 24703 ||| DRINKING 2 potions of heal wounds.
 24845 | Swamp:2  | 24845 ||| READING scroll of enchant armour.
 24845 | Swamp:2  | 24845 ||| ENCHANTING +0 pair of gloves of strength.
 24930 | Swamp:2  | 24930 ||| INVOKING Heroism.
 24995 | Swamp:2  | 24995 ||| INVOKING Heroism.
 25028 | Swamp:2  | Killed Jorgrun
 25062 | Swamp:2  | 25062 ||| DROPPING orb of guile.
 25463 | Swamp:3  | 25463 ||| INVOKING Heroism.
 25520 | Swamp:3  | 25520 ||| INVOKING Heroism.
 25690 | Swamp:3  | 25690 ||| INVOKING Heroism.
 25695 | Swamp:3  | 25695 ||| SWAPPING to +1 hand axe of flaming.
 25701 | Swamp:3  | 25701 ||| UPGRADING to +1 vampiric war axe.
 25764 | Swamp:3  | 25764 ||| READING scroll of enchant armour.
 25764 | Swamp:3  | 25764 ||| ENCHANTING +1 pair of gloves of strength.
 25866 | Swamp:3  | 25866 ||| INVOKING Heroism.
 25879 | Swamp:3  | 25879 ||| SWAPPING to +1 hand axe of flaming.
 25890 | Swamp:3  | HP: 19/113 [spriggan rider/+0 spear (10)]
 25891 | Swamp:3  | 25891 ||| READING 4 scrolls of teleportation.
 25892 | Swamp:3  | 25892 ||| DRINKING potion of heal wounds.
 25902 | Swamp:3  | Reached skill level 19 in Armour
 26068 | Swamp:3  | 26068 ||| UPGRADING to +1 vampiric war axe.
 26105 | Swamp:3  | Identified the +6 chain mail "Badwisuh" {Regen+}
 26148 | Swamp:3  | 26148 ||| INVOKING Heroism.
 26151 | Swamp:3  | 26151 ||| SWAPPING to +1 hand axe of flaming.
 26159 | Swamp:3  | 26159 ||| UPGRADING to +1 vampiric war axe.
 26175 | Swamp:3  | 26175 ||| Stepping ~*~*~tactically~*~*~ (hiding).
 26176 | Swamp:3  | 26176 ||| Stepping ~*~*~tactically~*~*~ (hiding).
 26371 | Swamp:3  | 26371 ||| INVOKING Heroism.
 26408 | Swamp:3  | 26408 ||| PLANNING SNAKE:1-3
 26515 | Snake:1  | Entered Level 1 of the Snake Pit
 26516 | Snake:1  | 26516 ||| INVOKING Heroism.
 26585 | Snake:1  | Found a glowing silver altar of Zin.
 26588 | Snake:1  | 26588 ||| INVOKING Heroism.
 26615 | Snake:1  | Identified the ring "Peit" {Str-4 Int+6 Slay+5}
 26672 | Snake:1  | Found Ycai's Antique Armour Emporium.
 26677 | Snake:1  | Found Goacow's Jewellery Emporium.
 26680 | Snake:1  | 26680 ||| BUYING pair of fading boots (361 gold).
 26680 | Snake:1  | Bought a pair of fading boots for 361 gold pieces
 26680 | Snake:1  | Identified the +2 pair of boots of Toreecaf {rC+ Str+4}
                  | (You bought it in a shop on level 1 of the Snake Pit)
 26684 | Snake:1  | 26684 ||| SHOPLISTING ring of Gielyr {Drain rElec Will+
                  | Int+5 SInv} (481 gold, have 434).
 26684 | Snake:1  | 26684 ||| BUYING ring of protection from cold (250 gold).
 26684 | Snake:1  | Bought a ring of protection from cold for 250 gold pieces
 26689 | Snake:1  | Identified the +5 mace "Zippitry" {heavy, rElec Dex+5 SInv}
 26738 | Snake:1  | Found Fiydgh's Tiny Tomes.
 26790 | Snake:1  | 26790 ||| READING scroll of enchant armour.
 26790 | Snake:1  | 26790 ||| ENCHANTING +0 pair of boots.
 27013 | Snake:1  | 27013 ||| Stepping ~*~*~tactically~*~*~ (hiding).
 27084 | Snake:1  | 27084 ||| Stepping ~*~*~tactically~*~*~ (hiding).
 27346 | Snake:1  | 27346 ||| Stepping ~*~*~tactically~*~*~ (hiding).
 27543 | Snake:1  | 27543 ||| UPGRADING to +2 kite shield.
 27553 | Snake:1  | 27553 ||| DROPPING +0 buckler.
 27554 | Snake:1  | 27554 ||| UPGRADING to +2 pair of boots of Toreecaf {rC+
                  | Str+4}.
 27564 | Snake:1  | 27564 ||| DROPPING +1 pair of boots.
 27565 | Snake:1  | 27565 ||| DROPPING +0 pair of boots of Complete Protection
                  | {rC+ rN+ Str-4}.
 27566 | Snake:1  | 27566 ||| DROPPING ring of ice.
 27567 | Snake:1  | 27567 ||| DROPPING ring of wizardry.
 27602 | Snake:2  | 27602 ||| INVOKING Heroism.
 27815 | Snake:2  | 27815 ||| Stepping ~*~*~tactically~*~*~ (stealth).
 27921 | Snake:2  | 27921 ||| Stepping ~*~*~tactically~*~*~ (hiding).
 28081 | Snake:2  | 28081 ||| INVOKING Heroism.
 28110 | Snake:2  | Received a gift from Okawaru
 28114 | Snake:2  | Reached XP level 18. HP: 120/120 MP: 25/25
 28129 | Snake:2  | 28129 ||| DROPPING +1 hand axe of flaming.
 28152 | Snake:2  | You are sucked into a shaft and drop 1 floor!
 28153 | Snake:3  | 28153 ||| PLANNING BAZAAR
 28156 | Snake:3  | 28156 ||| INVOKING Heroism.
 28164 | Snake:3  | Noticed Vashnia
 28190 | Snake:3  | HP: 22/120 [Vashnia/arrow (22)]
 28191 | Snake:3  | 28191 ||| READING 3 scrolls of teleportation.
 28192 | Snake:3  | 28192 ||| DRINKING 2 potions of heal wounds.
 28193 | Snake:3  | 28193 ||| DRINKING potion of heal wounds.
 28279 | Snake:3  | Noticed Mara
 28281 | Snake:3  | 28281 ||| INVOKING Heroism.
 28287 | Snake:3  | Noticed qw's illusion
 28303 | Snake:3  | Killed Mara
 28304 | Snake:3  | Reached skill level 12 in Shields
 28374 | Snake:3  | 28374 ||| READING scroll of enchant weapon.
 28374 | Snake:3  | 28374 ||| ENCHANTING +1 vampiric war axe.
 28633 | Snake:3  | 28633 ||| Stepping ~*~*~tactically~*~*~ (hiding).
 28636 | Snake:3  | 28636 ||| Stepping ~*~*~tactically~*~*~ (hiding).
 28637 | Snake:3  | 28637 ||| Stepping ~*~*~tactically~*~*~ (hiding).
 28694 | Snake:3  | 28694 ||| Stepping ~*~*~tactically~*~*~ (hiding).
 28705 | Snake:3  | 28705 ||| INVOKING Heroism.
 28776 | Snake:3  | 28776 ||| Stepping ~*~*~tactically~*~*~ (hiding).
 28805 | Snake:3  | Received a gift from Okawaru
 28946 | Snake:3  | 28946 ||| Stepping ~*~*~tactically~*~*~ (stealth).
 28948 | Snake:3  | 28948 ||| Stepping ~*~*~tactically~*~*~ (stealth).
 29104 | Snake:3  | 29104 ||| INVOKING Heroism.
 29135 | Snake:3  | Received a gift from Okawaru
 29147 | Snake:3  | 29147 ||| Stepping ~*~*~tactically~*~*~ (hiding).
 29149 | Snake:3  | 29149 ||| Stepping ~*~*~tactically~*~*~ (hiding).
 29151 | Snake:3  | 29151 ||| Stepping ~*~*~tactically~*~*~ (hiding).
 29158 | Snake:3  | HP: 15/120 [Vashnia/arrow (17)]
 29159 | Snake:3  | 29159 ||| READING 3 scrolls of teleportation.
 29341 | Snake:3  | 29341 ||| RIP BAZAAR
 29358 | Snake:3  | 29358 ||| PLANNING SNAKE:1-3
 29398 | Snake:3  | 29398 ||| UPGRADING to +0 tower shield of protection.
 29408 | Snake:3  | 29408 ||| DROPPING +2 kite shield.
 29481 | Snake:2  | 29481 ||| Stepping ~*~*~tactically~*~*~ (stealth).
 29482 | Snake:2  | 29482 ||| Stepping ~*~*~tactically~*~*~ (stealth).
 29487 | Snake:2  | 29487 ||| Stepping ~*~*~tactically~*~*~ (hiding).
 29621 | Snake:2  | 29621 ||| INVOKING Heroism.
 29622 | Snake:2  | 29622 ||| INVOKING Finesse.
 29653 | Snake:2  | 29653 ||| Stepping ~*~*~tactically~*~*~ (cloud).
 30028 | Snake:3  | 30028 ||| Stepping ~*~*~tactically~*~*~ (hiding).
 30046 | Snake:3  | 30046 ||| FLEEEEING.
 30047 | Snake:3  | 30047 ||| FLEEEEING.
 30053 | Snake:3  | 30053 ||| FLEEEEING.
 30054 | Snake:3  | 30054 ||| FLEEEEING.
 30055 | Snake:3  | 30055 ||| FLEEEEING.
 30056 | Snake:3  | 30056 ||| FLEEEEING.
 30057 | Snake:3  | 30057 ||| FLEEEEING.
 30058 | Snake:3  | 30058 ||| FLEEEEING.
 30059 | Snake:3  | 30059 ||| FLEEEEING.
 30060 | Snake:3  | 30060 ||| FLEEEEING.
 30061 | Snake:3  | 30061 ||| FLEEEEING.
 30062 | Snake:3  | 30062 ||| STAIRDANCE
 30181 | Snake:3  | 30181 ||| STAIRDANCE
 30285 | Snake:3  | 30285 ||| INVOKING Heroism.
 30486 | Snake:3  | 30486 ||| Stepping ~*~*~tactically~*~*~ (hiding).
 30514 | Snake:3  | 30514 ||| Stepping ~*~*~tactically~*~*~ (hiding).
 30520 | Snake:3  | 30520 ||| Stepping ~*~*~tactically~*~*~ (hiding).
 30521 | Snake:3  | 30521 ||| Stepping ~*~*~tactically~*~*~ (hiding).
 30528 | Snake:3  | 30528 ||| Stepping ~*~*~tactically~*~*~ (hiding).
 30530 | Snake:3  | 30530 ||| Stepping ~*~*~tactically~*~*~ (hiding).
 30541 | Snake:3  | 30541 ||| Stepping ~*~*~tactically~*~*~ (hiding).
 30560 | Snake:3  | 30560 ||| INVOKING Heroism.
 30573 | Snake:3  | Killed Vashnia
 30731 | Snake:3  | 30731 ||| Stepping ~*~*~tactically~*~*~ (hiding).
 30799 | Snake:3  | 30799 ||| PLANNING SWAMP:4
 30997 | Swamp:4  | Entered Level 4 of the Swamp
 30997 | Swamp:4  | Noticed Donald
 30998 | Swamp:4  | 30998 ||| Stepping ~*~*~tactically~*~*~ (hiding).
 30999 | Swamp:4  | 30999 ||| INVOKING Heroism.
 31001 | Swamp:4  | 31001 ||| Stepping ~*~*~tactically~*~*~ (hiding).
 31002 | Swamp:4  | 31002 ||| Stepping ~*~*~tactically~*~*~ (hiding).
 31003 | Swamp:4  | 31003 ||| Stepping ~*~*~tactically~*~*~ (hiding).
 31015 | Swamp:4  | Killed Donald
 31102 | Swamp:4  | 31102 ||| Stepping ~*~*~tactically~*~*~ (hiding).
 31311 | Swamp:4  | 31311 ||| Stepping ~*~*~tactically~*~*~ (hiding).
 31316 | Swamp:4  | 31316 ||| INVOKING Heroism.
 31389 | Swamp:4  | 31389 ||| INVOKING Heroism.
 31393 | Swamp:4  | Received a gift from Okawaru
 31410 | Swamp:4  | HP: 29/120 [11-headed hydra (20)]
 31411 | Swamp:4  | 31411 ||| READING 3 scrolls of teleportation.
 31411 | Swamp:4  | HP: 10/120 [ten-headed hydra (20)]
 31411 | Swamp:4  | HP: 1/120 [eight-headed hydra (4)]
 31411 | Swamp:4  | Demolished by an eight-headed hydra

Levels and vault maps discovered:
D:1:      lemuel_arrival_rhombus, layout_basic
D:2:      layout_loops_ring, basic_ecumenical_altar, basic_altar,
          grunt_ministairs_9
D:3:      layout_loops_ring, nicolae_overflow_hidden_temple
D:4:      layout_cave_pools
D:5:      layout_rooms, minmay_temple_entry_proselytizer, gup_sewer_entry_glass,
          uniq_sigmund
D:6:      layout_rooms
D:7:      layout_basic, nicolae_concentric_dashed_squares_mild,
          minmay_shop_damaged
D:8:      layout_basic, solitary_fountain, hangedman_abyss_or_decor_passed,
          minivault_23
D:9:      minmay_the_grid_octo_triangle [minmay_the_grid_octo_odd_swirl,
          minmay_the_grid_octo_prize_single_spiral,
          minmay_the_grid_octo_shrine], layout_small_grid, minmay_ruffians
D:10:     cheibrodos_helix_gallery, layout_rooms, mainiacjoe_overflow_catwalk,
          lair_entry_dummy, erik_orc_2, amcnicky_mini_pool_small
D:11:     layout_loops_corners, nicolae_trove_entry_crystal, minmay_bent
D:12:     layout_roguey, gammafunk_ghost_cemetery, corner_web_ring, uniq_nessos
D:13:     layout_gridville
D:14:     layout_gridville, lightli_vaults_fourway_checkpoint,
          ebering_dispersal_statue_hall, uniq_kirke
D:15:     grunt_enter_depths_hoard, layout_basic, serial_co_window_serial,
          co_window_paths_a, co_window_corner_a, co_window_paths_a,
          co_window_corner_a, co_window_paths_b, co_window_unsneaky_path_a,
          co_window_broadway_b, co_window_broadway_b, minmay_checkerbox,
          uniq_azrael
Temple:   compressed_dpeg_triangle_lava_temple
Lair:1:   layout_hall_layers, grunt_megastairs_1
Lair:2:   layout_regular_city, swamp_mist, nicolae_snake_entry_squirm,
          gauntlet_entry_generic
Lair:3:   layout_small_grid
Lair:4:   layout_hall_layers, slime_entry_1, chequers_serial_rivers_micro_a,
          chequers_serial_rivers_small_3
Lair:5:   hellmonk_lair_end_abyssal_woods, layout_gridlike, ldierk_geyser
Swamp:1:  nicolae_swamp_ascending_descending_big, layout_basic_swamp,
          evilmike_swamp_ruin_house_1, infiniplex_staircase_pool_2
Swamp:2:  layout_basic_swamp, evilmike_swamp_ruin_house_5, swamp_pool1,
          uniq_jorgrun
Swamp:3:  layout_basic_swamp, nicolae_swamp_small_spring
Swamp:4:  swamp, layout_basic_swamp, swamp_pool2, nicolae_swamp_round_clearing,
          uniq_donald
Snake:1:  layout_onion, basic_altar, nicolae_snake_linked_coils,
          grunt_ministairs_10, nicolae_shop_i_like_small_books_too,
          minmay_shop_star
Snake:2:  layout_misc_corridors, portal_ice_cave_entry_ice_statue_one,
          nicolae_snake_the_dead_are_slithering
Snake:3:  layout_layer_cave, serial_shops, bzr_entry_water,
          nicolae_snake_gridmaze_waves, st_stairs_3, nicolae_snake_single_loop,
          serial_bayou_shore_a, uniq_mara, uniq_vashnia
Orc:1:    layout_diamond_mine, david_defended_altar_orc, uniq_josephine,
          uniq_urug
Orc:2:    grunt_orc_cross, layout_caves, gammafunk_ghost_berserking_beasts,
          serial_shops, shop, minmay_orc_treasury

Skill      XL: |  1  2  3  4  5  6  7  8  9 10 11 12 13 14 15 16 17 18 |
---------------+-------------------------------------------------------+-----
Axes           | 2 3 4 5 6 7 9 10 11 12 14 15 16 | 16.0
Dodging        | 1 2 3 4 |  4.0
Throwing       | 1 3 5 7 |  7.0
Fighting       | 4 5 6 7 8 9 10 11 12 14 15 | 15.6
Invocations    | 4 7 10 | 10.1
Shields        | 4 5 6 7 8 9 11 14 | 14.9
Armour         | 5 6 9 10 13 15 17 19 | 19.0

Action                     |  1- 3 |  4- 6 |  7- 9 | 10-12 | 13-15 | 16-18 || total
---------------------------+-------+-------+-------+-------+-------+-------++-------
  Melee: War axe           |    88 |   117 |   304 |   774 |   983 |  1727 ||  3993
         Hand axe          |       |       |       |       |    25 |    80 ||   105
  Throw: Javelin           |       |    20 |       |    12 |   134 |   126 ||   292
         Boomerang         |       |       |     7 |   111 |   116 |    19 ||   253
 Invoke: Heroism           |       |       |     5 |    24 |    26 |    47 ||   102
         Finesse           |       |       |       |       |     7 |     4 ||    11
    Use: Scroll            |     5 |    13 |     8 |     5 |     4 |    11 ||    46
         Potion            |       |     5 |     2 |     2 |     3 |     7 ||    19
   Stab: Paralysed         |       |       |       |       |       |     1 ||     1
         Distracted        |       |       |       |       |       |     1 ||     1
         Confused          |       |       |       |       |       |     1 ||     1
 Armour: Scale mail        |    42 |    23 |       |       |       |       ||    65
         Ring mail         |       |    32 |   144 |       |       |       ||   176
         Chain mail        |       |       |    93 |    94 |       |       ||   187
         Plate armour      |       |       |       |   342 |       |       ||   342
         Storm dragon scal |       |       |       |    12 |   184 |       ||   196
         Crystal plate arm |       |       |       |       |   399 |  1001 ||  1400
  Dodge: Dodged            |    40 |    64 |   242 |   316 |   446 |   816 ||  1924
  Block: Buckler           |    10 |    19 |   118 |   192 |   243 |   343 ||   925
         Kite shield       |       |       |       |       |       |   291 ||   291
         Tower shield      |       |       |       |       |       |   159 ||   159

Table legend:
 A = Non-vault XP
 B = Vault XP
 C = Vault XP percentage of total XP
 D = Non-vault monster count
 E = Vault monster count
 F = Vault count percentage of total count
                 A         B        C        D         E       F
            +---------+---------+-------+---------+---------+-------
      Total |  196360 |   91004 |  31.7 |     671 |     288 |  30.0
            +---------+---------+-------+---------+---------+-------
        D:1 |      38 |       0 |   0.0 |      23 |       0 |   0.0
        D:2 |      62 |      13 |  17.3 |      17 |       1 |   5.6
        D:3 |     108 |       0 |   0.0 |      14 |       0 |   0.0
        D:4 |     461 |       0 |   0.0 |      21 |       0 |   0.0
        D:5 |     446 |     301 |  40.3 |      12 |       7 |  36.8
        D:6 |     297 |       0 |   0.0 |       6 |       0 |   0.0
        D:7 |    1245 |       0 |   0.0 |      20 |       0 |   0.0
        D:8 |    1969 |       0 |   0.0 |      17 |       0 |   0.0
        D:9 |    4085 |    4489 |  52.4 |      34 |      12 |  26.1
       D:10 |    4128 |    1288 |  23.8 |      35 |      23 |  39.7
       D:11 |    3577 |    2815 |  44.0 |      12 |       9 |  42.9
       D:12 |    5133 |    1023 |  16.6 |      12 |       1 |   7.7
       D:13 |    6217 |       0 |   0.0 |      15 |       0 |   0.0
       D:14 |   10074 |    8054 |  44.4 |      17 |      13 |  43.3
       D:15 |   16533 |    6322 |  27.7 |      33 |      15 |  31.2
     Lair:1 |    2210 |     782 |  26.1 |      11 |       4 |  26.7
     Lair:2 |    4430 |     495 |  10.1 |      23 |       3 |  11.5
     Lair:3 |    4912 |       0 |   0.0 |      16 |       0 |   0.0
     Lair:4 |    9419 |       0 |   0.0 |      26 |       0 |   0.0
     Lair:5 |   15264 |   12307 |  44.6 |      41 |      39 |  48.8
    Swamp:1 |   10825 |       0 |   0.0 |      20 |       0 |   0.0
    Swamp:2 |    9094 |    1886 |  17.2 |      18 |       1 |   5.3
    Swamp:3 |   13123 |       0 |   0.0 |      26 |       0 |   0.0
    Swamp:4 |    7384 |    3586 |  32.7 |      17 |       5 |  22.7
    Snake:1 |   12752 |    2253 |  15.0 |      23 |       6 |  20.7
    Snake:2 |    9715 |    5528 |  36.3 |      20 |      19 |  48.7
    Snake:3 |   15663 |   12445 |  44.3 |      33 |       9 |  21.4
      Orc:1 |    6426 |    2871 |  30.9 |      54 |      10 |  15.6
      Orc:2 |    3776 |   15843 |  80.8 |      25 |      80 |  76.2
    Abyss:2 |   14895 |       0 |   0.0 |      25 |       0 |   0.0
    Abyss:3 |    2099 |    4284 |  67.1 |       5 |       4 |  44.4
      Sewer |       0 |     273 | 100.0 |       0 |      18 | 100.0
   Gauntlet |       0 |    4146 | 100.0 |       0 |       9 | 100.0
            +---------+---------+-------+---------+---------+-------
